 Dungeon Crawl Stone Soup version 0.18.1-8-gdd0e5ea (webtiles) character file.

8475 ponynephrine the Cleaver (level 11, -1/85 HPs)
             Began as a Minotaur Chaos Knight on May 22, 2016.
             Slain by a hill giant
             ... wielding a +0 giant club
              (30 damage)
             ... on level 11 of the Dungeon.
             The game lasted 00:45:46 (13924 turns).

ponynephrine the Cleaver (Minotaur Chaos Knight)   Turns: 13924, Time: 00:45:52

Health: -1/85      AC: 12    Str: 20    XL:     11   Next: 10%
Magic:  13/13      EV: 10    Int: 15    God:    Xom [..*...]
Gold:   378        SH:  0    Dex: 10    Spells: 0 memorised, 10 levels left

rFire  . . .     SeeInvis +     a - +2 hand axe (chaos)
rCold  . . .     Gourm    .     n - +0 chain mail {rPois}
rNeg   . . .     Faith    .     (no shield)
rPois  +         Spirit   .     (helmet unavailable)
rElec  .         Dismiss  .     q - +0 cloak
rCorr  .         Reflect  .     (no gloves)
SustAt .         Harm     .     (no boots)
MR     .....                    (no amulet)
Stlth  ..........               y - ring of see invisible {sInv, !d}
                                f - +6 ring of intelligence

@: not resistant to hostile enchantments, extremely unstealthy
A: retaliatory headbutt, beak, horns 3, clumsy 1, deterioration 1, frail 1,
strong 1, evolution 1, subdued magic 1
a: Renounce Religion


You were on level 11 of the Dungeon.
You worshipped Xom.
You were a toy of Xom.
You were not hungry.

You visited 2 branches of the dungeon, and saw 12 of its levels.
You also visited: Sewer.

You collected 480 gold pieces.
You spent 102 gold pieces at shops.

Inventory:

Hand Weapons
 a - a +2 hand axe of chaos (weapon)
 k - a +0 great mace
   (Xom gifted it to you on level 4 of the Dungeon)
 m - a +0 war axe
   (You took it off an orc on level 3 of the Dungeon)
 B - a +0 broad axe
   (You took it off an orc warrior on level 8 of the Dungeon)
Missiles
 d - 234 stones (quivered)
 F - 10 tomahawks
Armour
 b - a +2 leather armour
 n - a +0 chain mail of poison resistance (worn)
   (You bought it in a shop on level 4 of the Dungeon)
 q - a +0 cloak (worn)
   (You took it off Crazy Yiuf on level 4 of the Dungeon)
Jewellery
 f - a +6 ring of intelligence (left hand)
   (You found it on level 1 of the Dungeon)
 l - an uncursed ring of wizardry {Wiz+, !d}
   (You found it on level 4 of the Dungeon)
 y - a ring of see invisible (right hand) {sInv, !d}
   (You found it on level 6 of the Dungeon)
Wands
 s - a wand of polymorph (4/24)
   (You took it off Crazy Yiuf on level 4 of the Dungeon)
 x - a wand of iceblast (0/15)
   (You found it on level 6 of the Dungeon)
 E - a wand of iceblast (0/15)
   (You found it on level 8 of the Dungeon)
 K - a wand of digging (4/24)
   (You took it off an orc wizard on level 9 of the Dungeon)
Scrolls
 p - 3 scrolls of amnesia
 r - 2 scrolls of remove curse
 D - a scroll of identify
 G - a scroll of magic mapping {!r}
 M - a scroll of recharging
Potions
 h - 5 potions of might
 j - 5 potions of brilliance
 o - 4 potions of agility
 t - a potion of cancellation
 u - a potion of invisibility {unknown}
 w - 2 potions of lignification {!q}
 A - a potion of resistance
 C - a potion of magic {unknown}
Books
 v - a book of Transfigurations
   (You found it on level 5 of the Dungeon)
 H - a book of the Tempests
   (You found it on level 9 of the Dungeon)
 L - a Fen Folio
   (You found it on level 10 of the Dungeon)
Comestibles
 c - 3 bread rations {@e1}
 i - 4 fruits
 z - a meat ration {@e2}
 I - a royal jelly
 J - a slice of pizza


   Skills:
 + Level 8.7 Fighting
 * Level 11.9 Axes
 + Level 6.7 Throwing
 + Level 8.4 Armour
 + Level 7.3 Dodging
 * Level 4.4 Evocations


You had 10 spell levels left.
You didn't know any spells.

Dungeon Overview and Level Annotations

Branches:
Dungeon (11/15)            Temple (1/1) D:5            Lair (0/8) D:8
    Orc (0/2) D:10

Altars:
Ashenzari
Cheibriados
Dithmenos
Elyvilon
Fedhas
Gozag
Kikubaaqudgha
Makhleb
Nemelex Xobeh
Okawaru
Pakellas
Qazlal
Ru
Sif Muna
Trog
Vehumet
Xom
Yredelemnul
Zin
The Shining One
Beogh

Shops:
D:4 *   D:6 %   D:7 (   D:10 =

Annotations:
D:7 Joseph


Innate Abilities, Weirdness & Mutations

You reflexively headbutt those who attack you in melee.
You have a pair of large horns on your head.
You have a beak for a mouth.
You are clumsy. (Dex -2)
Your body sometimes deteriorates upon taking damage.
You are frail (-10% HP).
Your muscles are strong. (Str +2)
You evolve.
Your spells are a little easier to cast, but a little less powerful.


Message History

You hit the wizard.
The wizard seems to slow down.
You headbutt the wizard! Your peck misses the wizard.
The wizard points at you and mumbles some strange words.
The bolt of poison hits you!
You are poisoned.
You resist.
You take 4 damage, and have 52/81 hp.
You slash the wizard!
The wizard seems to speed up.
You peck the wizard, but do no damage.
You feel sick.
You take 1 damage, and have 51/81 hp.
You closely miss the wizard. Your headbutt misses the wizard.
You feel sick. The wizard hits you but does no damage.
You take 1 damage, and have 50/81 hp.
You hit the wizard.
You kill the wizard!
You have reached level 11!
You feel sick.
You regained 2 hp, and now have 52/85 hp.
MP restored: 13 You feel sick.
Things that are here:
a dagger; a robe; a human corpse You take 1 damage, and have 51/85 hp.
You butcher the human corpse.
You feel sick.
g - a chunk of flesh {@w0}
Things that are here:
a dagger; a robe; a human skeleton You feel sick.
You take 2 damage, and have 49/85 hp.
Eating a chunk of flesh {@w0}.
You continue eating.
You feel sick.
You continue eating.
You feel sick.
You take 1 damage, and have 48/85 hp.
You start resting.
You feel sick. x2
A hill giant comes into view. It is wielding a giant club.
You take 1 damage, and have 47/85 hp.
You feel sick.
You take 1 damage, and have 46/85 hp.
Aim: a hill giant, wielding a giant club The mass of ice explodes!
The iceblast engulfs the hill giant.
Evoking this partially-identified wand wasted a few charges.
Aim: a hill giant, wielding a giant club (lightly wounded)
The mass of ice explodes!
The iceblast engulfs the hill giant.
Evoking this partially-identified wand wasted a few charges.
You feel sick.
Aim: a hill giant, wielding a giant club (heavily wounded)
The mass of ice explodes!
The iceblast engulfs the hill giant.
Evoking this partially-identified wand wasted a few charges.
You hear a shout!
Aim: a hill giant, wielding a giant club (severely wounded)
The mass of ice explodes!
The iceblast engulfs the hill giant.
You kill the hill giant!
Evoking this partially-identified wand wasted a few charges.
You hear an angry growl.
A hill giant comes into view. It is wielding a giant club.
Aim: a hill giant, wielding a giant club Nothing appears to happen.
You feel sick.
You take 1 damage, and have 45/85 hp.
Aim: a hill giant, wielding a giant club The mass of ice explodes!
The iceblast engulfs the hill giant.
Evoking this partially-identified wand wasted a few charges.
Aim: a hill giant, wielding a giant club (lightly wounded)
The mass of ice explodes!
The iceblast engulfs the hill giant.
Evoking this partially-identified wand wasted a few charges.
Aim: a hill giant, wielding a giant club (moderately wounded)
The mass of ice explodes!
The iceblast engulfs the hill giant.
Evoking this partially-identified wand wasted a few charges.
You feel sick.
You hear a shout!
You take 1 damage, and have 45/85 hp.
Aim: a hill giant, wielding a giant club (moderately wounded)
The mass of ice explodes!
The iceblast engulfs the hill giant.
Evoking this partially-identified wand wasted a few charges.
Your skill with magical items lets you calculate the power of this device...
This wand has 0 charges left.
A centaur zombie comes into view.
Okay, then.
You hit the hill giant.
You heal the hill giant.
You headbutt the hill giant, but do no damage.
The hill giant hits you with a giant club!!
* * * LOW HITPOINT WARNING * * *
You take 29 damage, and have 17/85 hp.
MASSIVE DAMAGE!!
Drink which item? (? for menu, Esc to quit)
You feel better.
You regained 11 hp, and now have 28/85 hp.
A black bear comes into view.
The black bear growls angrily.
The centaur zombie barely misses you.
Things that are here:
a dagger; a robe; a human skeleton The centaur zombie hits you but does no damage.
The centaur zombie hits you but does no damage.
The hill giant hits you with a giant club!!
You die...
Xom laughs nastily!

.. #.# . ..#
#.##.# # ##.#[.#
.##..
#....?#####.....
#..(...##..h..#
#..(.........##
#....@Z.......#
#.....C.).....#
#.............####
#.......).........
####...##..[....##
###########....
#.. #


You could see a hill giant, a black bear and a centaur zombie.

Vanquished Creatures
  2 hill giants
  A wizard (D:11)
  A wyvern (D:9)
  Sigmund (D:4)
  A hungry ghost (D:8)
  A water moccasin (D:4)
  2 porcupines (D:8)
  5 orc warriors
  2 black bears
  A necrophage (D:10)
  2 ice beasts
  An eye of draining (D:4)
  4 ogres
  A phantom (D:4)
  A wasp (D:7)
  An ogre (shapeshifter) (D:4)
  4 centaurs
  3 big kobolds (Sewer)
  10 giant frogs
  Blork the orc (D:4)
  4 scorpions
  A water moccasin skeleton (D:9)
  9 killer bees
  5 howler monkeys (D:9)
  7 wights
  3 crimson imps
  3 centaur zombies
  2 giant frog zombies
  5 hounds
  3 jellies
  14 orc priests
  Crazy Yiuf (D:4)
  Jessica (D:3)
  Natasha (thrice) (D:3)
  8 orc wizards
  10 worker ants
  A killer bee zombie (D:8)
  Robin (D:3)
  A howler monkey skeleton (D:4)
  4 river rats
  16 adders
  2 shadow imps
  4 oozes
  3 adder skeletons
  6 dart slugs
  34 orcs
  5 bats
  8 giant cockroaches
  12 goblins
  13 hobgoblins
  2 jackals (D:8)
  24 kobolds
  4 quokkas
  8 ball pythons
  5 giant newts
  32 rats
  A fire vortex (D:8)
310 creatures vanquished.

Vanquished Creatures (collateral kills)
  Pikel (D:5)
  Menkaure (D:4)
  An ogre (D:3)
  An orc priest (D:3)
  An orc wizard (D:3)
  2 orcs (D:3)
7 creatures vanquished.

Vanquished Creatures (others)
  A sky beast (D:7)
  2 adders (D:5)
  A giant cockroach (D:5)
4 creatures vanquished.

Grand Total: 321 creatures vanquished

Notes
Turn   | Place    | Note
--------------------------------------------------------------
     0 | D:1      | ponynephrine the Minotaur Chaos Knight began the quest for the Orb.
     0 | D:1      | Reached XP level 1. HP: 19/19 MP: 0/0
   300 | D:1      | Reached XP level 2. HP: 27/27 MP: 1/1
   345 | D:1      | XOM: god gift: 13 gold pieces
   398 | D:1      | XOM: stat loss: -1 Str (15/16)
   417 | D:1      | XOM: divination: detect creatures
   443 | D:1      | Reached skill level 1 in Throwing
   449 | D:1      | Reached skill level 4 in Axes
   474 | D:1      | XOM: harmless Trmt miscast
   477 | D:1      | XOM: silly message
   483 | D:1      | Reached skill level 4 in Fighting
   523 | D:1      | Reached XP level 3. HP: 28/33 MP: 2/2
   633 | D:1      | XOM: harmless Ice miscast
  1549 | D:2      | XOM: give mutations
  1549 | D:2      | Gained mutation: You occasionally shout uncontrollably at your foes. [Xom's mischief]
  1549 | D:2      | Gained mutation: You are weak. (Str -2) [Xom's mischief]
  1549 | D:2      | Lost mutation: You are weak. (Str -2) [Xom's mischief]
  1549 | D:2      | Gained mutation: You are partially covered in thin metallic scales (AC +2). [Xom's mischief]
  1679 | D:2      | XOM: noise
  1724 | D:2      | XOM: give mutations
  1724 | D:2      | Gained mutation: Your spells are a little easier to cast, but a little less powerful. [Xom's mischief]
  1724 | D:2      | Gained mutation: You evolve. [Xom's mischief]
  1724 | D:2      | Lost mutation: You occasionally shout uncontrollably at your foes. [Xom's mischief]
  1724 | D:2      | Gained mutation: You are clumsy. (Dex -2) [Xom's mischief]
  1853 | D:2      | Found a bloodstained altar of Trog.
  1883 | D:3      | Reached XP level 4. HP: 39/40 MP: 3/3
  1885 | D:3      | Noticed Robin
  1885 | D:3      | Reached skill level 3 in Armour
  1896 | D:2      | XOM: summons 4 hostile shadow creatures
  1919 | D:3      | Noticed Natasha
  2005 | D:3      | Noticed an ogre
  2028 | D:3      | XOM: enchant monster (bad)
  2057 | D:2      | Reached skill level 2 in Dodging
  2084 | D:2      | XOM: stat loss: -1 Int (14/15)
  2104 | D:3      | Killed Robin
  2114 | D:3      | XOM: smoke on damage
  2149 | D:3      | Noticed a giant frog
  2149 | D:3      | XOM: potion effect (might)
  2151 | D:3      | Killed a giant frog
  2151 | D:3      | Reached skill level 5 in Axes
  2151 | D:3      | Reached XP level 5. HP: 25/46 MP: 4/4
  2273 | D:3      | Reached skill level 2 in Throwing
  2313 | D:3      | Found a glowing drain.
  2316 | D:3      | XOM: summons friendly iron imp
  2319 | D:3      | Noticed Jessica
  2324 | Sewer    | Entered a sewer
  2387 | Sewer    | XOM: vitrification
  2734 | Sewer    | XOM: fog
  2737 | Sewer    | XOM: scenery: create altars
  2742 | Sewer    | XOM: summons friendly crimson imp
  2745 | Sewer    | Reached XP level 6. HP: 28/53 MP: 5/5
  2782 | Sewer    | XOM: scenery: create altars
  2948 | Sewer    | XOM: give mutations
  2948 | Sewer    | Gained mutation: You are resistant to hostile enchantments. [Xom's grace]
  2948 | Sewer    | Gained mutation: Your flesh is cold resistant. [Xom's grace]
  2948 | Sewer    | Gained mutation: You are partially covered in iridescent scales (AC +4). [Xom's grace]
  2948 | Sewer    | Gained mutation: You have supernaturally acute eyesight. [Xom's grace]
  3117 | Sewer    | Reached skill level 4 in Armour
  3247 | Sewer    | Reached skill level 6 in Axes
  3268 | Sewer    | XOM: god gift: black potion
  3317 | Sewer    | XOM: divination: detect creatures
  3329 | Sewer    | Reached skill level 3 in Throwing
  3389 | D:3      | XOM: scenery: 1 doors close
  3391 | D:3      | Killed Natasha
  3391 | D:3      | Reached XP level 7. HP: 60/60 MP: 6/6
  3401 | D:3      | Killed Jessica
  3411 | D:3      | Reached skill level 5 in Fighting
  3411 | D:3      | Reached skill level 3 in Dodging
  3589 | D:3      | Found a shimmering altar of Xom.
  3882 | D:3      | Noticed Natasha
  3891 | D:3      | Killed Natasha
  3891 | D:3      | Reached skill level 7 in Axes
  3894 | D:3      | XOM: cast spell 'Monstrous Menagerie'
  4167 | D:3      | Noticed Natasha
  4173 | D:3      | Killed Natasha
  4341 | D:4      | Noticed Menkaure
  4352 | D:4      | XOM: 4-stop teleportation journey
  4366 | D:4      | Noticed Blork the orc
  4468 | D:4      | XOM: 3-stop teleportation journey
  4528 | D:4      | XOM: noise
  4546 | D:4      | Reached skill level 5 in Armour
  4605 | D:4      | XOM: confuse monster(s)
  4660 | D:3      | XOM: medium Air miscast
  4767 | D:3      | Gained mutation: You expend magic power (3 MP) to strengthen your wands. [evolution]
  4867 | D:4      | XOM: summons friendly ufetubus
  4872 | D:4      | Killed Menkaure
  4872 | D:4      | Reached XP level 8. HP: 69/69 MP: 7/7
  5096 | D:4      | XOM: polymorph ogre -> porcupine
  5104 | D:4      | XOM: enchant monster (bad)
  5112 | D:4      | XOM: enchant monster (bad)
  5116 | D:4      | HP: 14/69 [ogre (shapeshifter) (8)]
  5117 | D:4      | Reached skill level 8 in Axes
  5427 | D:4      | XOM: summons 4 hostile demons
  5478 | D:4      | Reached skill level 4 in Dodging
  5505 | D:4      | Found Neoxzov's Serpentskin Sales.
  5510 | D:4      | Bought a +0 chain mail of poison resistance for 102 gold pieces
  5524 | D:4      | Noticed Sigmund
  5529 | D:4      | Killed Sigmund
  5529 | D:4      | Reached skill level 4 in Throwing
  5533 | D:4      | Gained mutation: You are partially covered in rugged brown scales (AC +1, +3% HP). [potion of beneficial mutation]
  5673 | D:4      | XOM: summons 4 hostile demons
  5730 | D:4      | Reached skill level 6 in Fighting
  5835 | D:4      | Noticed Crazy Yiuf
  5842 | D:4      | Killed Crazy Yiuf
  5948 | D:4      | Killed Blork the orc
  6065 | D:4      | XOM: god gift: great mace {god gift}
  6159 | D:5      | Entered Level 5 of the Dungeon
  6276 | D:5      | Reached skill level 9 in Axes
  6373 | D:5      | XOM: enchant monster (bad)
  6382 | D:5      | XOM: confuse monster(s)
  6390 | D:5      | XOM: enchant monster (bad)
  6396 | D:5      | Reached skill level 6 in Armour
  6441 | D:5      | Noticed Pikel
  6451 | D:5      | XOM: summons friendly crimson imp
  6452 | D:5      | XOM: summons 6 friendly demons
  6455 | D:5      | XOM: swap monsters
  6463 | D:5      | Killed Pikel
  6463 | D:5      | Reached skill level 5 in Dodging
  6463 | D:5      | Reached XP level 9. HP: 75/80 MP: 8/8
  6663 | D:5      | Found a deep blue altar of Sif Muna.
  6732 | D:5      | Found a staircase to the Ecumenical Temple.
  6754 | D:5      | XOM: colour smoke trail
  6768 | Temple   | Entered the Ecumenical Temple
  6955 | D:5      | XOM: god gift: robe {god gift}
  7016 | D:5      | Gained mutation: You rapidly evolve. [evolution]
  7227 | D:6      | XOM: colour smoke trail
  7239 | D:6      | Reached skill level 5 in Throwing
  7300 | D:6      | Found a basalt altar of Yredelemnul.
  7300 | D:6      | Found a sparkling altar of Nemelex Xobeh.
  7402 | D:6      | Found Jobuis's Food Shoppe.
  7629 | D:6      | Found a glowing silver altar of Zin.
  7629 | D:6      | Noticed an angel
  7679 | D:6      | XOM: give mutations
  7679 | D:6      | Lost mutation: You have supernaturally acute eyesight. [Xom's mischief]
  7679 | D:6      | Gained mutation: Scrolls take you a little longer to read. [Xom's mischief]
  7679 | D:6      | Lost mutation: You are resistant to hostile enchantments. [Xom's mischief]
  7679 | D:6      | Lost mutation: You expend magic power (3 MP) to strengthen your wands. [Xom's mischief]
  7690 | D:6      | XOM: confusion
  7699 | D:6      | XOM: harmless Ice miscast
  7710 | D:6      | XOM: polymorph orc warrior -> mottled dragon
  7711 | D:6      | XOM: mild Conj miscast
  7715 | D:6      | XOM: noise
  7767 | D:7      | XOM: 1-stop teleportation journey
  7966 | D:7      | Reached skill level 10 in Axes
  7999 | D:7      | XOM: harmless Erth miscast
  8013 | D:7      | XOM: medium Trmt miscast
  8034 | D:7      | Reached skill level 7 in Fighting
  8116 | D:7      | Noticed Joseph
  8225 | D:6      | Reached skill level 7 in Armour
  8268 | D:6      | XOM: mild Trmt miscast
  8449 | D:6      | XOM: summons 1 hostile demon
  8748 | D:7      | XOM: confusion
  8921 | D:7      | XOM: 1-stop teleportation journey
  9304 | D:7      | Found Nobbey's Antique Weapon Emporium.
  9326 | D:7      | XOM: noise
  9381 | D:7      | Reached skill level 6 in Dodging
  9440 | D:7      | XOM: harmless Necr miscast
  9540 | D:8      | XOM: stealth player
  9552 | D:8      | XOM: give mutations
  9552 | D:8      | Gained mutation: Your body sometimes deteriorates upon taking damage. [Xom's mischief]
  9552 | D:8      | Lost mutation: Scrolls take you a little longer to read. [Xom's mischief]
  9552 | D:8      | Lost mutation: Your body sometimes deteriorates upon taking damage. [Xom's mischief]
  9763 | D:8      | XOM: summons 3 friendly demons
  9777 | D:8      | XOM: 2-stop teleportation journey
  9800 | D:8      | XOM: confusion
  9802 | D:8      | XOM: summons 3 hostile demons
  9803 | D:8      | XOM: scenery: create altars
  9827 | D:8      | Reached XP level 10. HP: 74/88 MP: 9/9
  9849 | D:8      | XOM: give mutations
  9849 | D:8      | Gained mutation: You have a beak for a mouth. [Xom's mischief]
  9849 | D:8      | Lost mutation: You are partially covered in iridescent scales (AC +4). [Xom's mischief]
  9854 | D:8      | HP: 22/90 [porcupine (3)]
  9860 | D:8      | HP: 22/90 [porcupine's spines (8)]
  9861 | D:8      | Reached skill level 11 in Axes
  9861 | D:8      | Reached skill level 1 in Evocations
  9917 | D:8      | XOM: summons 5 hostile demons
  9923 | D:8      | XOM: confusion
 10074 | D:8      | XOM: mild Conj miscast
 10234 | D:8      | Found a staircase to the Lair.
 10281 | D:8      | XOM: give mutations
 10281 | D:8      | Lost mutation: Your flesh is cold resistant. [Xom's mischief]
 10281 | D:8      | Gained mutation: You are frail (-10% HP). [Xom's mischief]
 10281 | D:8      | Lost mutation: You rapidly evolve. [Xom's mischief]
 10681 | D:8      | Reached skill level 6 in Throwing
 10945 | D:8      | XOM: harmless Necr miscast
 10947 | D:8      | XOM: mild Fire miscast
 10951 | D:8      | Reached skill level 2 in Evocations
 11029 | D:9      | Reached skill level 8 in Fighting
 11342 | D:9      | XOM: silly message
 11793 | D:9      | XOM: confuse monster(s)
 11808 | D:9      | XOM: noise
 11815 | D:9      | Reached skill level 3 in Evocations
 12130 | D:9      | XOM: mild Ice miscast
 12139 | D:9      | Gained mutation: Your muscles are strong. (Str +2) [evolution]
 12179 | D:9      | XOM: enchant monster (good)
 12181 | D:9      | XOM: enchant monster (good)
 12182 | D:9      | XOM: enchant monster (good)
 12276 | D:9      | Found a shattered altar of Ashenzari.
 12310 | D:9      | Found a sacrificial altar of Ru.
 12462 | D:9      | XOM: swap monsters
 12617 | D:10     | Entered Level 10 of the Dungeon
 12644 | D:10     | Reached skill level 8 in Armour
 12702 | D:10     | XOM: god gift: cloak {god gift}
 12790 | D:10     | Found a staircase to the Orcish Mines.
 12861 | D:10     | XOM: give mutations
 12861 | D:10     | Lost mutation: You are partially covered in rugged brown scales (AC +1, +3% HP). [Xom's mischief]
 12861 | D:10     | Gained mutation: Your body sometimes deteriorates upon taking damage. [Xom's mischief]
 12861 | D:10     | Lost mutation: You are partially covered in thin metallic scales (AC +2). [Xom's mischief]
 12922 | D:9      | Reached skill level 7 in Dodging
 13096 | D:10     | XOM: fog
 13302 | D:10     | XOM: confuse monster(s)
 13351 | D:10     | Gained mutation: You have a pair of large horns on your head. [evolution]
 13420 | D:10     | XOM: potion effect (heal wounds)
 13440 | D:10     | Found a roughly hewn altar of Beogh.
 13486 | D:10     | Found Sacathob's Jewellery Shoppe.
 13558 | D:10     | Noticed a hill giant
 13572 | D:10     | XOM: scenery: create altars
 13602 | D:10     | Noticed a hill giant
 13617 | D:10     | XOM: divination: detect items
 13618 | D:10     | XOM: smoke on damage
 13621 | D:10     | Killed a hill giant
 13621 | D:10     | Reached skill level 4 in Evocations
 13649 | D:10     | HP: 5/81 [orc warrior/dire flail (21)]
 13654 | D:10     | HP: 8/81 [hill giant/giant club (13)]
 13656 | D:10     | HP: 2/81 [orc warrior/dire flail (16)]
 13660 | D:10     | XOM: divination: detect creatures
 13888 | D:11     | XOM: 1-stop teleportation journey
 13889 | D:11     | Noticed a wizard
 13896 | D:11     | Killed a wizard
 13896 | D:11     | Reached XP level 11. HP: 52/85 MP: 13/13
 13906 | D:11     | Noticed a hill giant
 13911 | D:11     | Killed a hill giant
 13912 | D:11     | Noticed a hill giant
 13919 | D:11     | HP: 17/85 [hill giant/giant club (29)]
 13924 | D:11     | Slain by a hill giant

Skill      XL: |  1  2  3  4  5  6  7  8  9 10 |
---------------+-------------------------------+-----
Throwing       | 1 2 3 4 5 6 |  6.7
Axes           | 4 5 6 7 9 10 11 | 11.9
Fighting       | 4 5 6 7 8 |  8.7
Armour         | 3 4 5 6 7 8 |  8.4
Dodging        | 2 3 5 6 7 |  7.3
Evocations     | 4 |  4.4

Action                   |  1- 3 |  4- 6 |  7- 9 | 10-12 || total
-------------------------+-------+-------+-------+-------++-------
Melee: Hand axe          |   116 |   166 |   481 |   333 ||  1096
       Headbutt          |    14 |    17 |    73 |    58 ||   162
       Peck              |       |       |       |    41 ||    41
Throw: Stone             |    18 |    11 |   187 |   117 ||   333
Evoke: Wand              |       |       |       |     8 ||     8
  Use: Scroll            |       |     6 |    15 |     2 ||    23
       Potion            |       |     1 |     6 |     7 ||    14
 Stab: Confused          |     1 |     2 |       |     4 ||     7
       Petrifying        |       |     1 |     2 |       ||     3
       Petrified         |       |       |     5 |       ||     5
       Paralysed         |       |       |     8 |     4 ||    12
  Eat: Chunk             |     3 |     5 |    14 |    12 ||    34
       Bread ration      |       |       |     2 |       ||     2
       Beef jerky        |       |       |     2 |       ||     2
       Fruit             |       |       |     1 |       ||     1
Armor: Leather armour    |    39 |    65 |    38 |       ||   142
       Chain mail        |       |       |   210 |   112 ||   322
Dodge: Dodged            |    50 |   111 |   203 |   121 ||   485

Vault maps used:
D:1:      tarquinn_simple_flora_water_c, corner_web_ring,
          minmay_misc_feat_roman, minmay_distorted
D:2:      trog_book
D:3:      marbit_many_paths, first_bread, portal_sewer_entry_a, uniq_natasha,
          uniq_jessica, uniq_robin
D:4:      eino_tiny_chamber, guppyfry_shop_venom, uniq_sigmund,
          uniq_blork_the_orc, uniq_crazy_yiuf_cottage, uniq_menkaure
D:5:      minmay_temple_entry_large_hall, basic_altar, patterned_corridor,
          uniq_pikel
D:6:      zin_angel, gammafunk_temple_overflow_elements, serial_shops,
          kennysheep_mini, minivault_1
D:7:      serial_shops, shop, uniq_joseph
D:8:      dpeg_lair_monsters
D:9:      basic_altar, nicolae_ru_the_path_less_chosen
D:10:     kennysheep_spiral_hall, minmay_orc_entry_temple_small, serial_shops,
          shop
D:11:     serial_shops, shop
Temple:   lightli_temple_of_artemis
Sewer:    sewer_minmay_treatment

Table legend:
 A = Turns spent in this place as a percentage of turns spent in the entire game.
 B = Non-inter-level travel turns spent in this place as a percentage of non-inter-level travel turns spent in the entire game.
 C = Inter-level travel turns spent in this place as a percentage of turns spent in this place.
 D = Turns resting spent in this place as a percentage of non-inter-level travel turns spent in this place.
 E = Turns spent auto-exploring this place as a percentage of non-inter-level travel turns spent in this place.
 F = Non-inter-level travel turns spent in this place divided by the number of levels of this place that you've seen.
                   A       B       C       D       E      F
               +-------+-------+-------+-------+-------+----------------------
         Total | 100.0 | 100.0 |   0.7 |   4.0 |   6.8 | 300.0
       Dungeon |  89.9 |  89.8 |   0.7 |   4.0 |   7.3 | 318.5
        Temple |   0.2 |   0.2 |  11.1 |   0.0 |  87.5 |   8.0
         Sewer |   9.9 |   9.9 |   0.0 |   4.4 |   0.0 | 388.0
               +-------+-------+-------+-------+-------+----------------------

Table legend:
 A = Kills in this place as a percentage of kills in entire the game.
 B = Kills by you in this place as a percentage of kills by you in the entire game.
 C = Kills by friends in this place as a percentage of kills by friends in the entire game.
 D = Other kills in this place as a percentage of other kills in the entire game.
 E = Experience gained in this place as a percentage of experience gained in the entire game.
 F = Experience gained in this place divided by the number of levels of this place that you have seen.
                   A       B       C       D       E      F
               +-------+-------+-------+-------+-------+----------------------
         Total | 100.0 | 100.0 | 100.0 | 100.0 | 100.0 | 931.4
       Dungeon |  84.9 |  84.5 | 100.0 | 100.0 |  96.7 | 1064.4
         Sewer |  15.1 |  15.5 |   0.0 |   0.0 |   3.3 | 400.0
               +-------+-------+-------+-------+-------+----------------------
